Senateurs vs Kings
(R1)
Created - December 27, 2017 at 07:57
Goals
|
Senateurs |
1 |
0 |
1 |
2 |
Kings |
1 |
2 |
2 |
5 |
|
Shots
|
Senateurs |
10 |
13 |
10 |
33 |
Kings |
8 |
14 |
17 |
39 |
|
1st period
1. Senateurs , Cody Hodgson 9 (Johan Franzen 15) at 4:56 (PP)
2. Kings , Anze Kopitar 26 (Johnny Gaudreau 19, Jason Pominville 15) at 12:45
Penalties :
Jason Pominville (LAK) for Tripping (Minor) at 4:39, Frans Nielsen (LAK) for Holding (Minor) at 5:42, Anze Kopitar (LAK) for Interference (Minor) at 9:55
2nd period
3. Kings , Drew Doughty 6 (Anze Kopitar 24, Frans Nielsen 12) at 0:55
4. Kings , Cam Janssen 2 (Cam Fowler 7, Chris Mcallister 5) at 8:38
Penalties :
Jason Pominville (LAK) for High sticking (Minor) at 1:38, B.J. Crombeen (Ott) for Goalie Interference (Minor) at 9:01, Milan Hejduk (Ott) for Interference (Minor) at 13:05
3rd period
5. Kings , Johnny Gaudreau 9 (Anze Kopitar 25, Jason Pominville 16) at 5:15 (PP)
6. Kings , Frans Nielsen 16 (Nathan Horton 10, Drew Doughty 34) at 6:48 (PP)
7. Senateurs , Sergei Kostitsyn 6 (Brandon Dubinsky 14, Milan Hejduk 4) at 12:15
Penalties :
Kurtis Foster (Ott) for High sticking (Minor) at 5:02, Evgeni Malkin (Ott) for Roughing (Minor) at 6:18, Kurtis Foster (Ott) for Tripping (Minor) at 8:41, Johnny Gaudreau (LAK) for Tripping (Minor) at 15:09
Goalie Stats
Ondrej Pavelec (Ott), 34 saves from 39 shots - (0.872), L, 11-12-2, 60:00 minutes
Jonathan Quick (LAK), 31 saves from 33 shots - (0.939), W, 15-7-3, 60:00 minutes
Players Stats for Senateurs
Player Name G A P +/- PIM S H SB GA TA FO MP PP MP PK MP
------------------------------------------------------------------------------------
Arturs Kulda 0 0 0 0 0 0 0 0 0 0 0/0 5:12 0:00 0:00
B.J. Crombeen 0 0 0 -1 2 5 0 1 0 1 2/5 19:34 4:06 0:53
Brandon Dubinsky 0 1 1 0 0 0 1 0 0 0 2/5 13:30 0:10 0:12
Brooks Orpik 0 0 0 0 0 1 0 0 1 0 0/0 10:34 0:00 0:00
Carlo Colaiacovo 0 0 0 -2 0 0 1 0 1 2 0/0 18:35 3:25 2:14
Cody Franson 0 0 0 -2 0 1 2 0 1 1 0/0 18:35 3:25 2:14
Cody Hodgson 1 0 1 -1 0 5 1 0 0 0 4/13 17:53 3:57 0:00
Dan Girardi 0 0 0 0 0 0 0 0 0 0 0/0 5:12 0:00 0:00
Dan Hamhuis 0 0 0 0 0 4 0 1 1 0 0/0 25:39 4:48 4:26
David Krejci 0 0 0 0 0 0 1 0 0 0 2/4 5:34 0:00 1:17
Evgeni Malkin 0 0 0 -1 2 2 4 1 1 0 16/40 25:56 4:16 4:18
Johan Franzen 0 1 1 -1 0 2 1 2 0 0 1/1 19:20 3:57 1:22
Kurtis Foster 0 0 0 0 4 1 0 1 0 1 0/0 24:02 4:48 3:05
Milan Hejduk 0 1 1 0 2 3 1 1 0 0 0/0 12:59 0:00 0:00
Ramzi Abid 0 0 0 -1 0 5 4 1 0 1 2/2 18:49 3:57 0:30
Sergei Kostitsyn 1 0 1 0 0 3 0 1 0 0 0/0 13:07 0:00 0:00
Thomas Vanek 0 0 0 -1 0 1 0 0 2 4 0/1 26:28 4:16 4:48
Vladimir Mihalik 0 0 0 0 0 0 1 1 0 1 0/0 12:16 0:00 1:21
Players Stats for Kings
Player Name G A P +/- PIM S H SB GA TA FO MP PP MP PK MP
------------------------------------------------------------------------------------
Anze Kopitar 1 2 3 2 2 2 0 0 1 1 18/30 21:38 3:53 3:20
Cam Fowler 0 1 1 1 0 1 0 0 0 0 0/0 13:32 1:06 0:00
Cam Janssen 1 0 1 1 0 2 1 0 0 0 0/0 6:40 0:00 0:00
Chris Mcallister 0 1 1 1 0 2 3 0 1 0 0/0 10:58 0:00 4:18
Colton Parayko 0 0 0 0 0 1 0 0 0 0 0/0 18:15 0:00 0:00
Drew Doughty 1 1 2 1 0 5 0 2 1 1 0/0 27:40 5:34 3:47
Frans Nielsen 1 1 2 0 2 4 2 0 0 0 14/22 17:48 2:47 0:48
Greg Campbell 0 0 0 1 0 2 1 0 0 0 3/4 9:04 0:00 2:18
Jason Pominville 0 2 2 2 4 3 3 0 0 0 1/2 21:36 5:34 1:42
Johnny Gaudreau 1 1 2 2 2 3 1 1 2 0 1/1 19:00 3:53 1:01
Josef Vasicek 0 0 0 -1 0 1 0 0 2 0 2/5 9:49 0:00 0:00
Kyle Clifford 0 0 0 0 0 0 3 1 0 1 2/4 17:24 2:47 0:28
Marcus Nilson 0 0 0 -1 0 0 0 1 1 0 1/1 9:49 0:00 0:00
Nathan Horton 0 1 1 -1 0 4 0 2 2 0 0/0 15:28 2:47 2:31
Patric Hornqvist 0 0 0 0 0 4 0 0 1 1 0/2 18:03 3:53 0:00
Radko Gudas 0 0 0 1 0 1 0 0 0 0 0/0 19:07 0:00 3:47
Randy Jones 0 0 0 1 0 3 1 1 0 1 0/0 15:07 0:00 4:26
Shane O'Brien 0 0 0 0 0 1 1 2 0 2 0/0 20:44 1:06 4:26
3 Stars
1 - Anze Kopitar (LAK)
2 - Drew Doughty (LAK)
3 - Johnny Gaudreau (LAK)
Power Play
Senateurs - 1 on 5 Attempt(s) - 20.00%
Kings - 2 on 5 Attempt(s) - 40.00%
Penalty Kill
Senateurs - 3 on 5 Attempt(s) - 60.00%
- Score 0 goal in Penalty Kill
Kings - 4 on 5 Attempt(s) - 80.00%
- Score 0 goal in Penalty Kill
Team Stat
Senateurs - Hits : 17 - Faceoff Wins : 29 - Blocked Shots : 10 - Penalty Minutes : 10
Kings - Hits : 16 - Faceoff Wins : 42 - Blocked Shots : 10 - Penalty Minutes : 10
Official
Referees : O'Rourke Dan and Jackson Dave
Linesman : Pierre Champoux and Brad Lazarowich
Game Notes
No Game Note
Finance
Level 1 -- Attendance: 5547 (92.45%) -- Ticket Income $499,230
Level 2 -- Attendance: 3597 (71.94%) -- Ticket Income $233,805
Level 3 -- Attendance: 1509 (75.45%) -- Ticket Income $60,360
Level 4 -- Attendance: 2667 (66.68%) -- Ticket Income $80,010
Luxury Box -- Attendance: 968 (96.80%) -- Ticket Income $140,360
Game was played at the Staples Center.
Total Attendance: 14288 (79.38%)
Total Ticket Income: $1,013,765
Other Income: $152,065
Total Income: $1,165,830
Senateurs
5 vs 5 Forward
Center Left Wing Right Wing Time % Phy DF OF
1 Evgeni Malkin Thomas Vanek B.J. Crombeen 40 1 2 2
2 Cody Hodgson Ramzi Abid Johan Franzen 30 1 2 2
3 Brandon Dubinsky Sergei Kostitsyn Milan Hejduk 20 1 2 2
4 David Krejci Evgeni Malkin Thomas Vanek 10 1 2 2
5 vs 5 Defense
Defense Defense Time % Phy DF OF
1 Kurtis Foster Dan Hamhuis 40 1 2 2
2 Cody Franson Carlo Colaiacovo 30 1 2 2
3 Brooks Orpik Vladimir Mihalik 20 1 2 2
4 Dan Girardi Arturs Kulda 10 1 2 2
PowerPlay Forward
Center Left Wing Right Wing Time % Phy DF OF
1 Evgeni Malkin Thomas Vanek B.J. Crombeen 60 1 2 2
2 Cody Hodgson Ramzi Abid Johan Franzen 40 1 2 2
PowerPlay Defense
Defense Defense Time % Phy DF OF
1 Kurtis Foster Dan Hamhuis 60 1 2 2
2 Cody Franson Carlo Colaiacovo 40 1 2 2
Penalty Kill 4 Players Forward
Center Wing Time % Phy DF OF
1 Evgeni Malkin Thomas Vanek 60 1 2 2
2 B.J. Crombeen Johan Franzen 40 1 2 2
Penalty Kill 4 Players Defense
Defense Defense Time % Phy DF OF
1 Kurtis Foster Dan Hamhuis 60 1 2 2
2 Cody Franson Carlo Colaiacovo 40 1 2 2
Penalty Kill - 3 Players Forward
Forward Time % Phy DF OF
1 Evgeni Malkin 60 1 2 2
2 Thomas Vanek 40 1 2 2
Penalty Kill - 3 Players Defense
Defense Defense Time % Phy DF OF
1 Kurtis Foster Dan Hamhuis 60 1 2 2
2 Cody Franson Carlo Colaiacovo 40 1 2 2
4 vs 4 Forward
Center Wing Time % Phy DF OF
1 Evgeni Malkin Thomas Vanek 60 1 2 2
2 B.J. Crombeen Johan Franzen 40 1 2 2
4 vs 4 Defense
Defense Defense Time % Phy DF OF
1 Kurtis Foster Dan Hamhuis 60 1 2 2
2 Cody Franson Carlo Colaiacovo 40 1 2 2
Last Minutes Offensive
Center Left Wing Right Wing Defense Defense
Evgeni Malkin Thomas Vanek B.J. Crombeen Kurtis Foster Dan Hamhuis
Last Minutes Defensive
Center Left Wing Right Wing Defense Defense
Evgeni Malkin Thomas Vanek B.J. Crombeen Kurtis Foster Dan Hamhuis
Goaltenders
Starting : Ondrej Pavelec
Backup : Jeff Deslauriers
Extra Forwards
Normal : Brandon Dubinsky, Sergei Kostitsyn, David Krejci - PP : Brandon Dubinsky, Sergei Kostitsyn - PK : David Krejci
Extra Defensemen
Normal : Brooks Orpik, Vladimir Mihalik, Dan Girardi - PP : Brooks Orpik - PK : Vladimir Mihalik, Dan Girardi
Penalty Shots
Evgeni Malkin, Thomas Vanek, B.J. Crombeen, Johan Franzen, Cody Hodgson
Scratches
Brenden Morrow (Healthy), Pascal Dupuis (Healthy), Ryan Malone (Healthy)
Kings
5 vs 5 Forward
Center Left Wing Right Wing Time % Phy DF OF
1 Frans Nielsen Kyle Clifford Patric Hornqvist 40 1 3 1
2 Anze Kopitar Johnny Gaudreau Jason Pominville 40 1 3 1
3 Josef Vasicek Marcus Nilson Nathan Horton 15 1 3 1
4 Greg Campbell Chris Mcallister Cam Janssen 5 1 3 1
5 vs 5 Defense
Defense Defense Time % Phy DF OF
1 Drew Doughty Colton Parayko 40 0 3 2
2 Radko Gudas Shane O'Brien 35 0 3 2
3 Cam Fowler Randy Jones 25 1 3 1
4 Drew Doughty Shane O'Brien 0 1 3 1
PowerPlay Forward
Center Left Wing Right Wing Time % Phy DF OF
1 Anze Kopitar Johnny Gaudreau Patric Hornqvist 60 1 1 3
2 Frans Nielsen Kyle Clifford Nathan Horton 40 1 1 3
PowerPlay Defense
Defense Defense Time % Phy DF OF
1 Drew Doughty Jason Pominville 60 0 2 3
2 Cam Fowler Shane O'Brien 40 1 3 1
Penalty Kill 4 Players Forward
Center Wing Time % Phy DF OF
1 Anze Kopitar Chris Mcallister 60 1 3 1
2 Nathan Horton Jason Pominville 40 1 3 1
Penalty Kill 4 Players Defense
Defense Defense Time % Phy DF OF
1 Randy Jones Shane O'Brien 60 1 4 0
2 Radko Gudas Drew Doughty 40 1 4 0
Penalty Kill - 3 Players Forward
Forward Time % Phy DF OF
1 Anze Kopitar 60 1 3 1
2 Jason Pominville 40 1 3 1
Penalty Kill - 3 Players Defense
Defense Defense Time % Phy DF OF
1 Drew Doughty Shane O'Brien 60 1 4 0
2 Radko Gudas Randy Jones 40 1 4 0
4 vs 4 Forward
Center Wing Time % Phy DF OF
1 Anze Kopitar Patric Hornqvist 60 1 2 2
2 Jason Pominville Frans Nielsen 40 1 2 2
4 vs 4 Defense
Defense Defense Time % Phy DF OF
1 Drew Doughty Shane O'Brien 60 1 2 2
2 Cam Fowler Randy Jones 40 1 2 2
Last Minutes Offensive
Center Left Wing Right Wing Defense Defense
Anze Kopitar Johnny Gaudreau Patric Hornqvist Drew Doughty Shane O'Brien
Last Minutes Defensive
Center Left Wing Right Wing Defense Defense
Anze Kopitar Chris Mcallister Nathan Horton Drew Doughty Shane O'Brien
Goaltenders
Starting : Jonathan Quick
Backup : Mike Brodeur
Extra Forwards
Normal : Anze Kopitar, Jason Pominville, Patric Hornqvist - PP : Josef Vasicek, Chris Mcallister - PK : Greg Campbell
Extra Defensemen
Normal : Cam Fowler, Colton Parayko, Radko Gudas - PP : Randy Jones - PK : Cam Fowler, Colton Parayko
Penalty Shots
Anze Kopitar, Nathan Horton, Patric Hornqvist, Marcus Nilson, Frans Nielsen
Scratches
None
% Time on Ice - Senateurs
Lines # - Real PCT - Wanted PCT - Time Play
Normal Forward
1 - 32% - 40% - 14:31
2 - 31% - 30% - 13:57
3 - 29% - 20% - 12:59
4 - 8% - 10% - 3:40
Normal Defense
1 - 36% - 40% - 16:25
2 - 29% - 30% - 12:56
3 - 23% - 20% - 10:34
4 - 12% - 10% - 5:12
PP Forward
1 - 52% - 60% - 4:16
2 - 48% - 40% - 3:57
PP Defense
1 - 58% - 60% - 4:48
2 - 42% - 40% - 3:25
PK Forward
1 - 80% - 60% - 5:18
2 - 21% - 40% - 1:22
PK Defense
1 - 67% - 60% - 4:26
2 - 34% - 40% - 2:14
PK3 Forward
1 - 0% - 60%
2 - 0% - 40%
PK3 Defense
1 - 0% - 60%
2 - 0% - 40%
44 Forward
1 - 0% - 60%
2 - 0% - 40%
44 Defense
1 - 0% - 60%
2 - 0% - 40%
Last Minute Offensive - 0:00
Last Minute Defensive - 0:00
Total
Forward - 60:00
Defense - 60:00
|
% Time on Ice - Kings
Lines # - Real PCT - Wanted PCT - Time Play
Normal Forward
1 - 32% - 40% - 14:19
2 - 32% - 40% - 14:19
3 - 22% - 15% - 9:49
4 - 15% - 5% - 6:40
Normal Defense
1 - 39% - 40% - 17:23
2 - 37% - 35% - 16:37
3 - 25% - 25% - 11:07
4 - 0% - 0% - 0:00
PP Forward
1 - 58% - 60% - 3:53
2 - 42% - 40% - 2:47
PP Defense
1 - 84% - 60% - 5:34
2 - 17% - 40% - 1:06
PK Forward
1 - 69% - 60% - 5:42
2 - 31% - 40% - 2:31
PK Defense
1 - 54% - 60% - 4:26
2 - 46% - 40% - 3:47
PK3 Forward
1 - 0% - 60%
2 - 0% - 40%
PK3 Defense
1 - 0% - 60%
2 - 0% - 40%
44 Forward
1 - 0% - 60%
2 - 0% - 40%
44 Defense
1 - 0% - 60%
2 - 0% - 40%
Last Minute Offensive - 0:00
Last Minute Defensive - 0:00
Total
Forward - 60:00
Defense - 60:00
|
Play by Play
1st period
0:01 of 1st period - Frans Nielsen wins face-off versus Evgeni Malkin in neutral zone.
0:26 of 1st period - Anze Kopitar is hit by Cody Hodgson and loses puck.
0:37 of 1st period - Kurtis Foster is hit by Jason Pominville and loses puck.
0:48 of 1st period - Snap shot by Marcus Nilson.
0:48 of 1st period - Shot Blocked by Milan Hejduk.
0:50 of 1st period - Slapshot by Shane O'Brien.
0:50 of 1st period - Shot Misses the Net.
0:52 of 1st period - Slapshot by Marcus Nilson.
0:52 of 1st period - Shot Misses the Net.
0:54 of 1st period - Snap shot by Nathan Horton.
0:54 of 1st period - Shot Misses the Net.
1:18 of 1st period - Snap shot by Chris Mcallister.
1:18 of 1st period - Deflect By Dan Hamhuis.
1:18 of 1st period - Stopped by Ondrej Pavelec with a rebound.
3:05 of 1st period - Wrist shot by Nathan Horton.
3:05 of 1st period - Shot Blocked by Vladimir Mihalik.
4:22 of 1st period - Ramzi Abid is hit by Frans Nielsen and loses puck.
4:39 of 1st period - Minor Penalty to Jason Pominville for Tripping.
4:40 of 1st period - Anze Kopitar wins face-off versus Cody Hodgson in Kings zone.
4:56 of 1st period - Snap shot by Johan Franzen.
4:56 of 1st period - Deflect By Cody Hodgson.
4:56 of 1st period - Goal by Cody Hodgson - Senateurs : 1 - Kings : 0.
4:57 of 1st period - Evgeni Malkin wins face-off versus Jason Pominville in neutral zone.
5:01 of 1st period - Slapshot by B.J. Crombeen.
5:01 of 1st period - Stopped by Jonathan Quick without a rebound.
5:02 of 1st period - Evgeni Malkin wins face-off versus Anze Kopitar in Kings zone.
5:35 of 1st period - Slapshot by Ramzi Abid.
5:35 of 1st period - Deflect By Cody Hodgson.
5:35 of 1st period - Stopped by Jonathan Quick without a rebound.
5:36 of 1st period - Evgeni Malkin wins face-off versus Kyle Clifford in Kings zone.
5:39 of 1st period - Slapshot by B.J. Crombeen.
5:39 of 1st period - Stopped by Jonathan Quick without a rebound.
5:40 of 1st period - Frans Nielsen wins face-off versus Evgeni Malkin in Kings zone.
5:42 of 1st period - Minor Penalty to Frans Nielsen for Holding.
5:43 of 1st period - Anze Kopitar wins face-off versus Evgeni Malkin in Kings zone.
5:54 of 1st period - Snap shot by B.J. Crombeen.
5:54 of 1st period - Shot Blocked by Shane O'Brien.
6:24 of 1st period - Wrist shot by Ramzi Abid.
6:24 of 1st period - Stopped by Jonathan Quick with a rebound.
7:28 of 1st period - Johnny Gaudreau is hit by Cody Franson and loses puck.
7:42 of 1st period - Penalty to Frans Nielsen is over, Frans Nielsen is back on ice.
8:30 of 1st period - Brandon Dubinsky is hit by Randy Jones and loses puck.
9:22 of 1st period - Milan Hejduk is hit by Frans Nielsen and loses puck.
9:35 of 1st period - Ramzi Abid is hit by Shane O'Brien and loses puck.
9:42 of 1st period - Backhand shot by Chris Mcallister.
9:42 of 1st period - Shot Blocked by Johan Franzen.
9:44 of 1st period - Snap shot by Greg Campbell.
9:44 of 1st period - Stopped by Ondrej Pavelec with a rebound.
9:46 of 1st period - Slapshot by Chris Mcallister.
9:46 of 1st period - Deflect By Johan Franzen.
9:46 of 1st period - Shot Blocked by Ramzi Abid.
9:46 of 1st period - Puck is out of play.
9:47 of 1st period - Evgeni Malkin wins face-off versus Anze Kopitar in Senateurs zone.
9:55 of 1st period - Minor Penalty to Anze Kopitar for Interference.
9:56 of 1st period - Greg Campbell wins face-off versus Evgeni Malkin in Kings zone.
10:21 of 1st period - Cody Hodgson is hit by Chris Mcallister and loses puck.
10:48 of 1st period - Nathan Horton is hit by Evgeni Malkin.
11:55 of 1st period - Penalty to Anze Kopitar is over, Anze Kopitar is back on ice.
12:23 of 1st period - Icing by Radko Gudas.
12:24 of 1st period - David Krejci wins face-off versus Frans Nielsen in Kings zone.
12:37 of 1st period - Slapshot by Drew Doughty.
12:37 of 1st period - Shot Blocked by Kurtis Foster.
12:39 of 1st period - Snap shot by Jason Pominville.
12:39 of 1st period - Shot Misses the Net.
12:41 of 1st period - Wrist shot by Jason Pominville.
12:41 of 1st period - Shot Blocked by Sergei Kostitsyn.
12:43 of 1st period - Backhand shot by Johnny Gaudreau.
12:43 of 1st period - Stopped by Ondrej Pavelec with a rebound.
12:45 of 1st period - Snap shot by Anze Kopitar.
12:45 of 1st period - Goal by Anze Kopitar - Senateurs : 1 - Kings : 1.
12:46 of 1st period - Anze Kopitar wins face-off versus Evgeni Malkin in neutral zone.
13:11 of 1st period - Dan Hamhuis is hit by Kyle Clifford and loses puck.
13:54 of 1st period - Wrist shot by Evgeni Malkin.
13:54 of 1st period - Stopped by Jonathan Quick with a rebound.
14:02 of 1st period - Snap shot by Drew Doughty.
14:02 of 1st period - Stopped by Ondrej Pavelec without a rebound.
14:03 of 1st period - Anze Kopitar wins face-off versus Cody Hodgson in Senateurs zone.
14:25 of 1st period - Icing by Jason Pominville.
14:26 of 1st period - Anze Kopitar wins face-off versus Evgeni Malkin in Kings zone.
14:51 of 1st period - Anze Kopitar is hit by Ramzi Abid and loses puck.
15:04 of 1st period - Brooks Orpik is hit by Johnny Gaudreau and loses puck.
15:17 of 1st period - Slapshot by Milan Hejduk.
15:17 of 1st period - Stopped by Jonathan Quick without a rebound.
15:18 of 1st period - Marcus Nilson wins face-off versus Brandon Dubinsky in Kings zone.
15:18 of 1st period - Marcus Nilson is hit by Brandon Dubinsky.
15:39 of 1st period - Snap shot by Marcus Nilson.
15:39 of 1st period - Shot Misses the Net.
15:56 of 1st period - Snap shot by Nathan Horton.
15:56 of 1st period - Stopped by Ondrej Pavelec without a rebound.
15:57 of 1st period - Evgeni Malkin wins face-off versus Frans Nielsen in Senateurs zone.
16:04 of 1st period - Drew Doughty is hit by Carlo Colaiacovo and loses puck.
16:13 of 1st period - Wrist shot by B.J. Crombeen.
16:13 of 1st period - Stopped by Jonathan Quick with a rebound.
16:30 of 1st period - Snap shot by Anze Kopitar.
16:30 of 1st period - Stopped by Ondrej Pavelec with a rebound.
16:32 of 1st period - Wrist shot by Jason Pominville.
16:32 of 1st period - Stopped by Ondrej Pavelec with a rebound.
16:43 of 1st period - Off-side.
16:44 of 1st period - Greg Campbell wins face-off versus David Krejci in neutral zone.
16:56 of 1st period - Icing by Dan Hamhuis.
16:57 of 1st period - Frans Nielsen wins face-off versus David Krejci in Senateurs zone.
17:32 of 1st period - Slapshot by Dan Hamhuis.
17:32 of 1st period - Stopped by Jonathan Quick with a rebound.
18:24 of 1st period - Wrist shot by Cody Hodgson.
18:24 of 1st period - Shot Misses the Net.
19:26 of 1st period - Milan Hejduk is hit by Cam Janssen and loses puck.
19:41 of 1st period - Wrist shot by Evgeni Malkin.
19:41 of 1st period - Deflect By Thomas Vanek.
19:41 of 1st period - Shot Misses the Net.
19:41 of 1st period - Puck is out of play.
19:42 of 1st period - Frans Nielsen wins face-off versus B.J. Crombeen in Kings zone.
19:51 of 1st period - Wrist shot by Thomas Vanek.
19:51 of 1st period - Shot Hit the Post.
19:53 of 1st period - Slapshot by Dan Hamhuis.
19:53 of 1st period - Stopped by Jonathan Quick with a rebound.
Goals for this period are 1 for Senateurs vs 1 for Kings.
Shots for this period are 10 for Senateurs vs 8 for Kings.
2nd period
0:01 of 2nd period - Evgeni Malkin wins face-off versus Anze Kopitar in neutral zone.
0:25 of 2nd period - Icing by Johnny Gaudreau.
0:26 of 2nd period - Cody Hodgson wins face-off versus Frans Nielsen in Kings zone.
0:29 of 2nd period - Slapshot by Ramzi Abid.
0:29 of 2nd period - Shot Misses the Net.
0:31 of 2nd period - Snap shot by Cody Hodgson.
0:31 of 2nd period - Shot Misses the Net.
0:33 of 2nd period - Wrist shot by Cody Hodgson.
0:33 of 2nd period - Stopped by Jonathan Quick with a rebound.
0:35 of 2nd period - Slapshot by Carlo Colaiacovo.
0:35 of 2nd period - Shot Blocked by Kyle Clifford.
0:37 of 2nd period - Snap shot by Cody Hodgson.
0:37 of 2nd period - Shot Misses the Net.
0:55 of 2nd period - Slapshot by Drew Doughty.
0:55 of 2nd period - Goal by Drew Doughty - Senateurs : 1 - Kings : 2.
0:56 of 2nd period - Frans Nielsen wins face-off versus B.J. Crombeen in neutral zone.
1:01 of 2nd period - Wrist shot by Frans Nielsen.
1:01 of 2nd period - Stopped by Ondrej Pavelec with a rebound.
1:38 of 2nd period - Minor Penalty to Jason Pominville for High sticking.
1:39 of 2nd period - Anze Kopitar wins face-off versus Evgeni Malkin in Kings zone.
3:38 of 2nd period - Penalty to Jason Pominville is over, Jason Pominville is back on ice.
4:20 of 2nd period - Arturs Kulda is hit by Greg Campbell and loses puck.
6:53 of 2nd period - Greg Campbell is hit by Evgeni Malkin and loses puck.
7:03 of 2nd period - Off-side.
7:04 of 2nd period - Brandon Dubinsky wins face-off versus Frans Nielsen in neutral zone.
7:28 of 2nd period - Icing by Randy Jones.
7:29 of 2nd period - Brandon Dubinsky wins face-off versus Anze Kopitar in Kings zone.
8:16 of 2nd period - Wrist shot by Sergei Kostitsyn.
8:16 of 2nd period - Shot Misses the Net.
8:18 of 2nd period - Slapshot by Carlo Colaiacovo.
8:18 of 2nd period - Shot Blocked by Nathan Horton.
8:20 of 2nd period - Snap shot by Brandon Dubinsky.
8:20 of 2nd period - Shot Blocked by Marcus Nilson.
8:32 of 2nd period - Backhand shot by Randy Jones.
8:32 of 2nd period - Stopped by Ondrej Pavelec with a rebound.
8:34 of 2nd period - Snap shot by Chris Mcallister.
8:34 of 2nd period - Stopped by Ondrej Pavelec with a rebound.
8:36 of 2nd period - Snap shot by Cam Fowler.
8:36 of 2nd period - Stopped by Ondrej Pavelec with a rebound.
8:38 of 2nd period - Wrist shot by Cam Janssen.
8:38 of 2nd period - Goal by Cam Janssen - Senateurs : 1 - Kings : 3.
8:39 of 2nd period - B.J. Crombeen wins face-off versus Anze Kopitar in neutral zone.
8:42 of 2nd period - Johnny Gaudreau is hit by Evgeni Malkin and loses puck.
9:01 of 2nd period - Minor Penalty to B.J. Crombeen for Goalie Interference.
9:02 of 2nd period - Anze Kopitar wins face-off versus Evgeni Malkin in Senateurs zone.
9:15 of 2nd period - Snap shot by Patric Hornqvist.
9:15 of 2nd period - Stopped by Ondrej Pavelec with a rebound.
9:17 of 2nd period - Slapshot by Jason Pominville.
9:17 of 2nd period - Stopped by Ondrej Pavelec without a rebound.
9:18 of 2nd period - Anze Kopitar wins face-off versus Evgeni Malkin in Senateurs zone.
9:25 of 2nd period - Snap shot by Evgeni Malkin.
9:25 of 2nd period - Shot Misses the Net.
9:27 of 2nd period - Slapshot by Kurtis Foster.
9:27 of 2nd period - Stopped by Jonathan Quick without a rebound.
9:28 of 2nd period - Evgeni Malkin wins face-off versus Anze Kopitar in Kings zone.
10:03 of 2nd period - Slapshot by Jason Pominville.
10:03 of 2nd period - Shot Blocked by Johan Franzen.
11:01 of 2nd period - Penalty to B.J. Crombeen is over, B.J. Crombeen is back on ice.
11:26 of 2nd period - Snap shot by Ramzi Abid.
11:26 of 2nd period - Stopped by Jonathan Quick without a rebound.
11:27 of 2nd period - Ramzi Abid wins face-off versus Josef Vasicek in Kings zone.
11:36 of 2nd period - Snap shot by Johan Franzen.
11:36 of 2nd period - Stopped by Jonathan Quick without a rebound.
11:37 of 2nd period - Evgeni Malkin wins face-off versus Kyle Clifford in Kings zone.
11:50 of 2nd period - Wrist shot by Thomas Vanek.
11:50 of 2nd period - Stopped by Jonathan Quick with a rebound.
12:05 of 2nd period - Off-side.
12:06 of 2nd period - Anze Kopitar wins face-off versus Cody Hodgson in neutral zone.
12:23 of 2nd period - Slapshot by Ramzi Abid.
12:23 of 2nd period - Shot Blocked by Johnny Gaudreau.
12:33 of 2nd period - Wrist shot by Cody Hodgson.
12:33 of 2nd period - Shot Misses the Net.
12:35 of 2nd period - Backhand shot by Brooks Orpik.
12:35 of 2nd period - Deflect By Johnny Gaudreau.
12:35 of 2nd period - Stopped by Jonathan Quick with a rebound.
12:37 of 2nd period - Wrist shot by Johan Franzen.
12:37 of 2nd period - Stopped by Jonathan Quick without a rebound.
12:38 of 2nd period - Frans Nielsen wins face-off versus Thomas Vanek in Kings zone.
12:38 of 2nd period - Frans Nielsen is hit by Evgeni Malkin.
12:52 of 2nd period - Snap shot by B.J. Crombeen.
12:52 of 2nd period - Stopped by Jonathan Quick with a rebound.
12:54 of 2nd period - Snap shot by Thomas Vanek.
12:54 of 2nd period - Shot Blocked by Drew Doughty.
13:05 of 2nd period - Minor Penalty to Milan Hejduk for Interference.
13:06 of 2nd period - Anze Kopitar wins face-off versus Evgeni Malkin in Senateurs zone.
13:20 of 2nd period - Off-side.
13:21 of 2nd period - Anze Kopitar wins face-off versus Evgeni Malkin in neutral zone.
13:32 of 2nd period - Slapshot by Johnny Gaudreau.
13:32 of 2nd period - Stopped by Ondrej Pavelec without a rebound.
13:33 of 2nd period - Evgeni Malkin wins face-off versus Patric Hornqvist in Senateurs zone.
14:03 of 2nd period - Icing by Frans Nielsen.
14:04 of 2nd period - Frans Nielsen wins face-off versus Evgeni Malkin in Kings zone.
14:04 of 2nd period - Frans Nielsen is hit by Cody Franson.
14:10 of 2nd period - Cody Franson is hit by Kyle Clifford and loses puck.
15:01 of 2nd period - Wrist shot by Nathan Horton.
15:01 of 2nd period - Stopped by Ondrej Pavelec with a rebound.
15:03 of 2nd period - Slapshot by Drew Doughty.
15:03 of 2nd period - Stopped by Ondrej Pavelec with a rebound.
15:05 of 2nd period - Penalty to Milan Hejduk is over, Milan Hejduk is back on ice.
15:05 of 2nd period - Slapshot by Drew Doughty.
15:05 of 2nd period - Stopped by Ondrej Pavelec without a rebound.
15:06 of 2nd period - Greg Campbell wins face-off versus Cody Hodgson in Senateurs zone.
15:09 of 2nd period - Wrist shot by Greg Campbell.
15:09 of 2nd period - Stopped by Ondrej Pavelec without a rebound.
15:10 of 2nd period - Johan Franzen wins face-off versus Greg Campbell in Senateurs zone.
15:10 of 2nd period - Johan Franzen is hit by Chris Mcallister.
15:58 of 2nd period - Slapshot by Dan Hamhuis.
15:58 of 2nd period - Stopped by Jonathan Quick with a rebound.
16:00 of 2nd period - Wrist shot by B.J. Crombeen.
16:00 of 2nd period - Stopped by Jonathan Quick without a rebound.
16:01 of 2nd period - Evgeni Malkin wins face-off versus Frans Nielsen in Kings zone.
16:33 of 2nd period - Snap shot by Milan Hejduk.
16:33 of 2nd period - Stopped by Jonathan Quick with a rebound.
16:35 of 2nd period - Wrist shot by Milan Hejduk.
16:35 of 2nd period - Stopped by Jonathan Quick without a rebound.
16:36 of 2nd period - Anze Kopitar wins face-off versus Brandon Dubinsky in Kings zone.
16:41 of 2nd period - Anze Kopitar is hit by Milan Hejduk.
17:20 of 2nd period - Icing by Radko Gudas.
17:21 of 2nd period - Josef Vasicek wins face-off versus Cody Hodgson in Kings zone.
17:21 of 2nd period - Josef Vasicek is hit by Johan Franzen.
18:16 of 2nd period - Snap shot by Marcus Nilson.
18:16 of 2nd period - Deflect By Josef Vasicek.
18:16 of 2nd period - Stopped by Ondrej Pavelec without a rebound.
18:17 of 2nd period - Kyle Clifford wins face-off versus Cody Hodgson in Senateurs zone.
18:46 of 2nd period - Slapshot by Cody Franson.
18:46 of 2nd period - Stopped by Jonathan Quick with a rebound.
Goals for this period are 0 for Senateurs vs 2 for Kings.
Shots for this period are 13 for Senateurs vs 14 for Kings.
3rd period
0:01 of 3rd period - Frans Nielsen wins face-off versus Evgeni Malkin in neutral zone.
0:46 of 3rd period - Slapshot by Radko Gudas.
0:46 of 3rd period - Stopped by Ondrej Pavelec with a rebound.
0:52 of 3rd period - Snap shot by Sergei Kostitsyn.
0:52 of 3rd period - Stopped by Jonathan Quick with a rebound.
0:54 of 3rd period - Wrist shot by Milan Hejduk.
0:54 of 3rd period - Shot Misses the Net.
0:56 of 3rd period - Snap shot by Sergei Kostitsyn.
0:56 of 3rd period - Stopped by Jonathan Quick without a rebound.
0:57 of 3rd period - Kyle Clifford wins face-off versus Evgeni Malkin in Kings zone.
1:04 of 3rd period - Snap shot by Patric Hornqvist.
1:04 of 3rd period - Stopped by Ondrej Pavelec with a rebound.
1:10 of 3rd period - Wrist shot by Patric Hornqvist.
1:10 of 3rd period - Shot Blocked by B.J. Crombeen.
1:12 of 3rd period - Wrist shot by Drew Doughty.
1:12 of 3rd period - Shot Misses the Net.
1:45 of 3rd period - Snap shot by Brandon Dubinsky.
1:45 of 3rd period - Shot Blocked by Nathan Horton.
2:05 of 3rd period - Josef Vasicek is hit by David Krejci and loses puck.
3:06 of 3rd period - Icing by Brooks Orpik.
3:07 of 3rd period - Johnny Gaudreau wins face-off versus Brandon Dubinsky in Senateurs zone.
3:38 of 3rd period - Slapshot by Evgeni Malkin.
3:38 of 3rd period - Shot Misses the Net.
3:44 of 3rd period - Slapshot by Thomas Vanek.
3:44 of 3rd period - Deflect By B.J. Crombeen.
3:44 of 3rd period - Shot Misses the Net.
3:44 of 3rd period - Puck is out of play.
3:45 of 3rd period - Cody Hodgson wins face-off versus Anze Kopitar in Kings zone.
3:52 of 3rd period - Snap shot by Johan Franzen.
3:52 of 3rd period - Shot Blocked by Randy Jones.
3:54 of 3rd period - Snap shot by Cody Hodgson.
3:54 of 3rd period - Shot Misses the Net.
4:00 of 3rd period - Wrist shot by Ramzi Abid.
4:00 of 3rd period - Stopped by Jonathan Quick with a rebound.
4:31 of 3rd period - Snap shot by Marcus Nilson.
4:31 of 3rd period - Shot Misses the Net.
4:33 of 3rd period - Snap shot by Nathan Horton.
4:33 of 3rd period - Stopped by Ondrej Pavelec with a rebound.
4:35 of 3rd period - Snap shot by Nathan Horton.
4:35 of 3rd period - Shot Misses the Net.
4:37 of 3rd period - Snap shot by Randy Jones.
4:37 of 3rd period - Stopped by Ondrej Pavelec without a rebound.
4:38 of 3rd period - Anze Kopitar wins face-off versus Evgeni Malkin in Senateurs zone.
4:41 of 3rd period - Snap shot by Johnny Gaudreau.
4:41 of 3rd period - Shot Blocked by Evgeni Malkin.
4:43 of 3rd period - Slapshot by Drew Doughty.
4:43 of 3rd period - Deflect By B.J. Crombeen.
4:43 of 3rd period - Stopped by Ondrej Pavelec with a rebound.
4:45 of 3rd period - Slapshot by Colton Parayko.
4:45 of 3rd period - Stopped by Ondrej Pavelec without a rebound.
4:46 of 3rd period - Jason Pominville wins face-off versus Evgeni Malkin in Senateurs zone.
4:57 of 3rd period - Wrist shot by Jason Pominville.
4:57 of 3rd period - Stopped by Ondrej Pavelec without a rebound.
4:58 of 3rd period - Frans Nielsen wins face-off versus Evgeni Malkin in Senateurs zone.
5:02 of 3rd period - Minor Penalty to Kurtis Foster for High sticking.
5:03 of 3rd period - Evgeni Malkin wins face-off versus Anze Kopitar in Senateurs zone.
5:15 of 3rd period - Wrist shot by Johnny Gaudreau.
5:15 of 3rd period - Goal by Johnny Gaudreau - Senateurs : 1 - Kings : 4.
5:16 of 3rd period - Frans Nielsen wins face-off versus Evgeni Malkin in neutral zone.
5:29 of 3rd period - Wrist shot by Patric Hornqvist.
5:29 of 3rd period - Stopped by Ondrej Pavelec with a rebound.
5:48 of 3rd period - Slapshot by Cody Hodgson.
5:48 of 3rd period - Stopped by Jonathan Quick with a rebound.
5:50 of 3rd period - Wrist shot by Ramzi Abid.
5:50 of 3rd period - Stopped by Jonathan Quick without a rebound.
5:51 of 3rd period - Anze Kopitar wins face-off versus Evgeni Malkin in Kings zone.
6:11 of 3rd period - Icing by Carlo Colaiacovo.
6:12 of 3rd period - Evgeni Malkin wins face-off versus Frans Nielsen in Senateurs zone.
6:18 of 3rd period - Minor Penalty to Evgeni Malkin for Roughing.
6:19 of 3rd period - David Krejci wins face-off versus Anze Kopitar in Senateurs zone.
6:19 of 3rd period - David Krejci is hit by Jason Pominville.
6:32 of 3rd period - Slapshot by Patric Hornqvist.
6:32 of 3rd period - Stopped by Ondrej Pavelec with a rebound.
6:46 of 3rd period - Wrist shot by Nathan Horton.
6:46 of 3rd period - Shot Misses the Net.
6:48 of 3rd period - Wrist shot by Frans Nielsen.
6:48 of 3rd period - Goal by Frans Nielsen - Senateurs : 1 - Kings : 5.
6:49 of 3rd period - Frans Nielsen wins face-off versus Evgeni Malkin in neutral zone.
7:14 of 3rd period - Colton Parayko is hit by Ramzi Abid and loses puck.
7:23 of 3rd period - Wrist shot by Ramzi Abid.
7:23 of 3rd period - Stopped by Jonathan Quick without a rebound.
7:24 of 3rd period - Evgeni Malkin wins face-off versus Frans Nielsen in Kings zone.
7:25 of 3rd period - Wrist shot by Thomas Vanek.
7:25 of 3rd period - Deflect By Evgeni Malkin.
7:25 of 3rd period - Shot Misses the Net.
7:25 of 3rd period - Puck is out of play.
7:26 of 3rd period - Frans Nielsen wins face-off versus B.J. Crombeen in Kings zone.
7:35 of 3rd period - Slapshot by Shane O'Brien.
7:35 of 3rd period - Stopped by Ondrej Pavelec with a rebound.
8:24 of 3rd period - Snap shot by Marcus Nilson.
8:24 of 3rd period - Shot Misses the Net.
8:41 of 3rd period - Minor Penalty to Kurtis Foster for Tripping.
8:42 of 3rd period - Anze Kopitar wins face-off versus Evgeni Malkin in Senateurs zone.
8:42 of 3rd period - Wrist shot by Patric Hornqvist.
8:42 of 3rd period - Shot Misses the Net.
8:54 of 3rd period - Wrist shot by Anze Kopitar.
8:54 of 3rd period - Deflect By Evgeni Malkin.
8:54 of 3rd period - Shot Blocked by Dan Hamhuis.
8:54 of 3rd period - Puck is out of play.
8:55 of 3rd period - Anze Kopitar wins face-off versus Evgeni Malkin in Senateurs zone.
9:22 of 3rd period - Thomas Vanek is hit by Kyle Clifford and loses puck.
9:33 of 3rd period - Wrist shot by Evgeni Malkin.
9:33 of 3rd period - Deflect By Thomas Vanek.
9:33 of 3rd period - Shot Misses the Net.
9:33 of 3rd period - Puck is out of play.
9:34 of 3rd period - B.J. Crombeen wins face-off versus Anze Kopitar in Kings zone.
10:28 of 3rd period - Slapshot by Vladimir Mihalik.
10:28 of 3rd period - Shot Misses the Net.
10:41 of 3rd period - Penalty to Kurtis Foster is over, Kurtis Foster is back on ice.
10:51 of 3rd period - Slapshot by Vladimir Mihalik.
10:51 of 3rd period - Shot Blocked by Shane O'Brien.
11:17 of 3rd period - Snap shot by Cam Janssen.
11:17 of 3rd period - Stopped by Ondrej Pavelec without a rebound.
11:18 of 3rd period - Cody Hodgson wins face-off versus Josef Vasicek in Senateurs zone.
11:23 of 3rd period - Snap shot by Marcus Nilson.
11:23 of 3rd period - Shot Misses the Net.
11:25 of 3rd period - Snap shot by Josef Vasicek.
11:25 of 3rd period - Deflect By Nathan Horton.
11:25 of 3rd period - Stopped by Ondrej Pavelec without a rebound.
11:26 of 3rd period - Evgeni Malkin wins face-off versus Patric Hornqvist in Senateurs zone.
12:13 of 3rd period - Wrist shot by Sergei Kostitsyn.
12:13 of 3rd period - Shot Misses the Net.
12:15 of 3rd period - Wrist shot by Sergei Kostitsyn.
12:15 of 3rd period - Goal by Sergei Kostitsyn - Senateurs : 2 - Kings : 5.
12:16 of 3rd period - Evgeni Malkin wins face-off versus Frans Nielsen in neutral zone.
12:30 of 3rd period - Wrist shot by Frans Nielsen.
12:30 of 3rd period - Stopped by Ondrej Pavelec with a rebound.
13:06 of 3rd period - Snap shot by Evgeni Malkin.
13:06 of 3rd period - Stopped by Jonathan Quick with a rebound.
13:08 of 3rd period - Snap shot by Evgeni Malkin.
13:08 of 3rd period - Deflect By Drew Doughty.
13:08 of 3rd period - Shot Blocked by Drew Doughty.
13:08 of 3rd period - Puck is out of play.
13:09 of 3rd period - Frans Nielsen wins face-off versus Cody Hodgson in Kings zone.
13:36 of 3rd period - Brandon Dubinsky is hit by Jason Pominville and loses puck.
14:16 of 3rd period - Icing by Vladimir Mihalik.
14:17 of 3rd period - Josef Vasicek wins face-off versus Cody Hodgson in Senateurs zone.
14:30 of 3rd period - Josef Vasicek is hit by Vladimir Mihalik and loses puck.
15:09 of 3rd period - Minor Penalty to Johnny Gaudreau for Tripping.
15:10 of 3rd period - Anze Kopitar wins face-off versus Evgeni Malkin in Kings zone.
15:16 of 3rd period - Icing by Evgeni Malkin.
15:17 of 3rd period - Evgeni Malkin wins face-off versus Anze Kopitar in Senateurs zone.
16:14 of 3rd period - Radko Gudas is hit by Ramzi Abid and loses puck.
16:43 of 3rd period - Ramzi Abid is hit by Chris Mcallister and loses puck.
17:09 of 3rd period - Penalty to Johnny Gaudreau is over, Johnny Gaudreau is back on ice.
18:06 of 3rd period - Slapshot by Randy Jones.
18:06 of 3rd period - Stopped by Ondrej Pavelec without a rebound.
18:07 of 3rd period - Cody Hodgson wins face-off versus Josef Vasicek in Senateurs zone.
18:26 of 3rd period - Snap shot by Frans Nielsen.
18:26 of 3rd period - Stopped by Ondrej Pavelec without a rebound.
18:27 of 3rd period - Anze Kopitar wins face-off versus Evgeni Malkin in Senateurs zone.
19:00 of 3rd period - Snap shot by Ramzi Abid.
19:00 of 3rd period - Shot Misses the Net.
19:50 of 3rd period - Snap shot by Cody Hodgson.
19:50 of 3rd period - Shot Misses the Net.
19:52 of 3rd period - Snap shot by Dan Hamhuis.
19:52 of 3rd period - Stopped by Jonathan Quick without a rebound.
19:53 of 3rd period - Ramzi Abid wins face-off versus Anze Kopitar in Kings zone.
19:54 of 3rd period - Slapshot by Cody Hodgson.
19:54 of 3rd period - Stopped by Jonathan Quick without a rebound.
19:55 of 3rd period - Frans Nielsen wins face-off versus Cody Hodgson in Kings zone.
19:55 of 3rd period - Frans Nielsen is hit by Ramzi Abid.
Goals for this period are 1 for Senateurs vs 2 for Kings.
Shots for this period are 10 for Senateurs vs 17 for Kings.
Back to the Top